 Dungeon Crawl Stone Soup version 0.31.0-10-gcf4a605ca0 (webtiles) character file.

Game seed: 12013039002455816172

231 Gadfly the Ruffian (level 5, 0/41 HPs)
             Began as a Draconian Shapeshifter on Jan 26, 2024.
             Succumbed to a scorpion's poison
             ... on level 5 of the Dungeon.
             The game lasted 00:03:43 (1946 turns).

Gadfly the Ruffian (Draconian Shapeshifter)         Turns: 1946, Time: 00:03:44

Health: 0/41       AC:  5    Str: 17    XL:     5   Next: 72%
Magic:  5/5        EV: 12    Int: 10    God:
Gold:   148        SH:  0    Dex: 12    Spells: 4/4 levels left

rFire   . .          .
                       - Unarmed
rCold   . . .        (no shield)
rNeg    . . .        (body armour unavailable)
rPois   .            (helmet currently unavailable)
rElec   .            (cloak currently unavailable)
rCorr   .            (gloves currently unavailable)
SInv    .            (boots currently unavailable)
Will    .....        (no amulet)
Stlth   +            (no ring)
HPRegen 0.26/turn    (no ring)
MPRegen 0.09/turn

%: no passive effects
@: lethally poisoned (0 -> -3), beast-form
A: beast (slay +2), AC +5, unfitting armour, cold-blooded
a: Begin Untransformation


You were on level 5 of the Dungeon.
You were a hulking beast.
You visited 1 branch of the dungeon, and saw 4 of its levels.

You collected 148 gold pieces.

Inventory:

Talismans
 b - a beast talisman (active)
 c - a flux talisman
Wands
 f - a wand of roots (7)
Potions
 a - 2 potions of lignification
 d - a potion of enlightenment {unknown}
 e - 2 potions of curing


   Skills:
 + Level 2.2 Fighting
 * Level 3.0 Dodging
 * Level 4.0 Unarmed Combat
 * Level 2.3 Evocations
 * Level 3.9 Shapeshifting


You had 4 spell levels left.
You didn't know any spells.
Your spell library contained the following spells:

 Spells                   Type           Power      Damage    Failure   Level
 Lesser Beckoning         Tloc           0%         N/A       50%         2
 Gell's Gravitas          Tloc           0%         N/A       75%         3
 Teleport Other           Tloc           0%         N/A       75%         3


Dungeon Overview and Level Annotations

Branches:
Dungeon (3/15)

Altars:

Shops:
D:5 *


Innate Abilities, Weirdness & Mutations

You are a hulking beast.
Your limbs bulge with bestial killing power. (Slay +2)
Your plain brown scales are hard. (AC +5)
You cannot fit into any form of body armour.
You are cold-blooded and may be slowed by cold attacks.


Message History

You hit the scorpion but do no damage. You punch the scorpion.
The scorpion is severely wounded.
You feel very sick. The scorpion misses you.
You closely miss the scorpion.
The scorpion is severely wounded.
You feel sick. The scorpion barely misses you.
You barely miss the scorpion.
You tail-slap the scorpion, but do no damage.
The scorpion is severely wounded.
You feel sick. The scorpion stings you!
You are more poisoned.
The scorpion poisons you! The scorpion misses you.
You barely miss the scorpion.
Your tail-slap misses the scorpion.
The scorpion is severely wounded.
You feel sick. The scorpion barely misses you.
You hit the scorpion.
The scorpion is almost dead.
You feel sick. The scorpion stings you.
You hit the scorpion but do no damage.
Your tail-slap misses the scorpion.
The scorpion is almost dead.
You feel sick.
The scorpion stings you but does no damage.
You closely miss the scorpion.
The scorpion is almost dead.
You feel sick. The scorpion stings you.
* * * LOW HITPOINT WARNING * * *
You hit the scorpion but do no damage.
The scorpion is almost dead.
You feel sick. The scorpion stings you.
* * * LOW HITPOINT WARNING * * *
You punch the scorpion!
You kill the scorpion!
* * * LOW HITPOINT WARNING * * *
You feel sick.
Your Dodging skill increases to level 3!
Your Unarmed Combat skill increases to level 4!
* * * LOW HITPOINT WARNING * * *
You feel sick.
You die...

#.# #.# #.#
#.#######
#.#.....#
#.#>###.#
#...# #.#
##########.##
#.....h.....#
#############


There were no monsters in sight!

Vanquished Creatures
  2 scorpions (D:5)
  Natasha (twice) (D:3)
  3 ribbon worms (D:2)
  A dart slug (D:1)
  2 orcs
  4 endoplasms
  4 giant cockroaches
  5 goblins
  3 hobgoblins
  5 quokkas
  8 ball pythons
  6 bats
  A frilled lizard (D:1)
  3 kobolds
  A rat (D:2)
50 creatures vanquished.

Notes
Turn   | Place    | Note
-------+----------+-------------------------------------------
     0 | D:1      | Gadfly the Draconian Shapeshifter began the quest for the
                  | Orb.
     0 | D:1      | Reached XP level 1. HP: 16/16 MP: 1/1
   170 | D:1      | Reached XP level 2. HP: 23/23 MP: 2/2
   478 | D:1      | Reached skill level 1 in Evocations
   689 | D:1      | Reached XP level 3. HP: 16/28 MP: 3/3
  1515 | D:3      | Noticed Natasha
  1523 | D:3      | Killed Natasha
  1524 | D:3      | Reached XP level 4. HP: 30/36 MP: 4/4
  1567 | D:3      | Noticed Natasha
  1587 | D:3      | Killed Natasha
  1721 | D:3      | You fall into a shaft and drop 2 floors!
  1721 | D:5      | Entered Level 5 of the Dungeon
  1729 | D:5      | Noticed a scorpion
  1731 | D:5      | Found Uttoy's General Store.
  1736 | D:5      | Killed a scorpion
  1737 | D:5      | Reached XP level 5. HP: 41/41 MP: 5/5
  1943 | D:5      | HP: 2/41 [scorpion (4)]
  1945 | D:5      | Reached skill level 4 in Unarmed Combat
  1946 | D:5      | Succumbed to a scorpion's poison

Illustrated notes

Levels and vault maps discovered:
D:1:      lemuel_arrival_cross, layout_basic
D:2:      layout_basic
D:3:      layout_loops_ring, uniq_natasha
D:5:      minmay_chambers_of_threes, layout_basic, serial_shops, shop,
          cheibrodos_sewer_entry_drain, nicolae_shop_unique_rings

Skill      XL: |  1  2  3  4  5 |
---------------+----------------+-----
Dodging        | 2 3 |  3.0
Evocations     | 1 2 |  2.3
Fighting       | 2 |  2.2
Unarmed Combat | 4 |  4.0
Shapeshifting  | |  3.9

Action                     |  1- 3 |  4- 6 || total
---------------------------+-------+-------++-------
  Melee: Unarmed           |   123 |    42 ||   165
         Tailslap          |    20 |     5 ||    25
         Punch             |     3 |     1 ||     4
Ability: Begin Untransform |     1 |       ||     1
  Evoke: Wand              |       |     1 ||     1
    Use: Scroll            |     3 |       ||     3
         Potion            |     1 |       ||     1
   Stab: Sleeping          |     3 |       ||     3
 Armour: Skin              |    57 |    21 ||    78
  Dodge: Dodged            |    69 |    29 ||    98
   Form: Beast             |     1 |       ||     1
